Map: 16-Bit LE

Players

soul

  • Race: Terran Terran
  • Spawn Location: 1:00

Denver - Winner!

  • Race: Zerg Zerg
  • Spawn Location: 7:00

Event: WCS Valencia 2018

VOD

Have the link to the VOD?

Description

Time

  • Played on: July 12, 2018, 9:42 a.m.
  • Length: 14:05

All games in this series

Show
View Real Time Build Order
Export as new Build Order

soul Terran 

Build Orders: Reaper Expand, Bio Mine 

Get SALT Encoding   

  12  0:00  SCV  
  13  0:14  SCV  
  14  0:19  Supply Depot  
  14  0:26  SCV  
  15  0:41  Barracks  
  15  0:45  Refinery  
  15  0:50  SCV  
  16  1:02  SCV  
  17  1:14  SCV  
  18  1:28  Orbital Command, Reaper  
  19  1:42  Bunker  
  19  1:54  Command Center  
  19  1:57  SCV  
  20  2:01  Reaper  
  21  2:10  SCV  
  22  2:16  Supply Depot  
  23  2:22  SCV  
  23  2:33  Factory  
  23  2:37  SCV  
  24  2:49  SCV  
  25  2:52  Refinery  
  25  3:01  SCV  
  25  3:08  Orbital Command  
  25  3:13  SCV  
  25  3:16  Hellion  
  25  3:18  Starport  
  28  3:23  Bunker  
  28  3:26  SCV  
  29  3:34  SCV  
  29  3:38  SCV, Hellion  
  34  3:50  SCV  
  34  3:53  Barracks Tech Lab  
  34  3:56  Starport Tech Lab  
  34  3:57  SCV, Command Center  
  34  3:59  Hellion  
  34  4:02  SCV  
  38  4:09  SCV  
  39  4:12  Marine  
  39  4:15  Cloaking Field, Banshee  
  43  4:21  SCV  
  46  4:29  SCV  
  44  4:31  Marine  
  44  4:32  Stimpack  
  44  4:36  SCV  
  44  4:37  Factory Reactor  
  46  4:40  Barracks x2  
  46  4:44  Supply Depot  
  46  4:45  Supply Depot  
  46  4:46  Factory Tech Lab  
  46  4:57  Engineering Bay  
  46  5:02  Engineering Bay  
  46  5:05  Banshee, Marine, SCV x2  
  52  5:08  Siege Tank  
  55  5:15  Refinery x2  
  55  5:17  SCV  
  55  5:20  Orbital Command  
  54  5:23  SCV, Marine  
  54  5:26  Marine  
  55  5:30  Terran Infantry Weapons Level 1, SCV  
  55  5:33  Marine  
  57  5:37  SCV  
  57  5:41  Marine  
  57  5:42  SCV  
  60  5:44  Marine  
  60  5:48  Siege Tank  
  60  5:49  SCV  
  63  5:53  SCV  
  65  5:59  Marine  
  65  6:01  Starport Reactor  
  65  6:04  Barracks Reactor  
  65  6:05  Orbital Command  
  65  6:07  Barracks Reactor  
  65  6:08  Barracks Reactor, Barracks  
  65  6:09  SCV  
  65  6:11  Barracks  
  66  6:12  Missile Turret  
  66  6:14  SCV  
  66  6:16  Marine  
  68  6:21  SCV  
  69  6:25  Missile Turret  
  69  6:26  SCV  
  69  6:27  Missile Turret  
  69  6:32  Combat Shield  
  66  6:34  Marine  
  65  6:43  SCV  
  65  6:46  Medivac x2  
  70  6:47  Marine  
  70  6:48  Marine x3  
  70  6:52  Marine  
  75  6:55  Marine  
  75  6:56  Factory Reactor, SCV  
  75  6:58  Marine  
  75  7:05  Marine x2  
  75  7:06  Orbital Command, Supply Depot  
  76  7:10  Supply Depot, Marine  
  76  7:11  Marine  
  76  7:12  SCV  
  73  7:16  Medivac  
  73  7:17  Barracks Reactor x2  
  73  7:19  SCV  
  73  7:23  Marine  
  73  7:24  SCV  
  73  7:28  Armory  
  75  7:31  SCV  
  75  7:33  Marine  
  75  7:34  SCV  
  75  7:36  SCV, Marine  
  77  7:39  Armory  
  77  7:43  Missile Turret, Widow Mine, SCV  
  80  7:45  Widow Mine, Marine  
  80  7:46  SCV  
  80  7:47  Marine  
  85  7:52  Marine x2  
  85  7:54  Marine  
  85  7:56  SCV, Marine x2  
  91  8:01  Supply Depot  
  91  8:03  Supply Depot, Marine  
  91  8:04  SCV x2  
  94  8:06  Marine  
  94  8:08  SCV  
  94  8:10  Marine  
  97  8:14  Marine  
  97  8:15  Supply Depot  
  97  8:16  Marine x3  
  101  8:23  Widow Mine x2, SCV x2  
  106  8:27  SCV  
  106  8:28  Supply Depot  
  106  8:29  Terran Infantry Weapons Level 2  
  105  8:36  Terran Infantry Armor Level 1  
  105  8:40  Marine x4  
  109  8:44  Marine x2  
  109  8:45  SCV  
  90  8:55  Marine x3  
  90  8:58  SCV, Marine x4  
  90  9:02  Marine x2  
  97  9:04  Medivac  
  97  9:07  SCV x2  
  96  9:10  SCV  
  96  9:11  Supply Depot, Factory  
  96  9:13  Marine x2  
  96  9:16  Marine x3  
  104  9:18  Medivac  
  104  9:20  Marine x2  
  104  9:22  Widow Mine x2  
  104  9:24  Terran Vehicle And Ship Armor Level 1  
  112  9:28  Marine  
  111  9:32  Marine  
  111  9:33  Marine x3  
  111  9:34  Medivac  
  111  9:35  Marine  
  111  9:36  Command Center  
  111  9:37  Marine  
  117  9:44  Widow Mine, Marine  
  107  9:46  Marine  
  107  9:48  Marine, Medivac  
  107  9:50  Marine x3  
  107  9:51  Marine  
  106  9:53  Marine  
  106  9:55  Marine  
  106  9:57  Factory Tech Lab  
  108  10:00  Supply Depot  
  108  10:02  Marine  
  108  10:04  Marine, Medivac  
  108  10:06  Widow Mine, Marine  
  115  10:08  Marine x3  
  115  10:09  Marine  
  118  10:16  Thor  
  118  10:17  Drilling Claws  
  118  10:18  Medivac  
  118  10:19  Marine  
  118  10:20  Marine x2  
  129  10:22  Marine  
  129  10:24  Marine  
  129  10:26  Supply Depot  
  133  10:28  Widow Mine  
  133  10:29  Marauder, Marine  
  133  10:34  Medivac  
  133  10:35  Supply Depot  
  129  10:43  Barracks, Marine  
  129  10:47  Marine  
  129  10:49  Marine  
  125  10:50  Marauder  
  125  10:52  Planetary Fortress  
  125  10:53  Missile Turret, SCV x3  
  130  10:59  Marine  
  130  11:00  Marine  
  132  11:05  Widow Mine x2, SCV  
  132  11:06  SCV  
  132  11:07  Marine x2  
  140  11:12  Marauder  
  140  11:13  Marine x4  
  140  11:17  Marine  
  140  11:18  Marine  
  147  11:24  Widow Mine, Marine  
  147  11:25  Marine  
  134  11:26  Widow Mine  
  134  11:30  Marine  
  134  11:31  SCV x2  
  140  11:35  Refinery  
  140  11:36  Refinery  
  140  11:37  Marine x4  
  143  11:40  Marine  
  143  11:41  Marauder  
  143  11:42  Marine x2  
  148  11:49  Marine x2  
  149  11:55  Missile Turret, Marine x4  
  149  11:58  Marine  
  149  12:00  Marine x2  
  156  12:02  Marauder  
  156  12:03  Barracks  
  156  12:04  Unknown x2  
  156  12:06  Marine  
  156  12:07  Marine  
  157  12:12  Marine  
  157  12:13  Marine x3  
  154  12:15  SCV  
  154  12:16  Marine  
  154  12:17  Marine  
  154  12:18  Marine  
  152  12:23  Marauder  
  152  12:24  Marine x2  
  144  12:30  Marine x2  
  144  12:31  Marine x2  
  144  12:33  Marine  
  144  12:34  Widow Mine x2  
  144  12:35  Marine  
  144  12:36  Marine  
  154  12:41  Medivac  
  154  12:42  Marine x2, Medivac  
  160  12:45  Marauder  
  160  12:48  Marine x2  
  160  12:49  Marine x2  
  160  12:51  Marine  
  160  12:53  Marine  
  145  13:00  Marine x2  
  145  13:04  SCV x2  
  149  13:06  Marauder, Barracks Tech Lab, Marine x2  
  149  13:07  Barracks Tech Lab, Marine x2  
  149  13:09  Thor, Marine  
  161  13:18  SCV x4  
  161  13:19  Missile Turret, Marine  
  166  13:21  Marine  
  166  13:22  Marine  
  166  13:24  Marine x2  
  167  13:28  Marauder  
  167  13:30  SCV x2  
  144  13:35  Marine x5  
  144  13:37  Marine  
  144  13:39  Marine  
  144  13:40  Marine  
  133  13:41  Marine  
  133  13:42  Marine  
Show
View Real Time Build Order
Export as new Build Order

Denver Zerg - Winner!

Build Orders: Hatch First, Muta Ling Bane 

Get SALT Encoding   

  12  0:00  Drone  
  13  0:13  Overlord  
  13  0:17  Drone  
  14  0:31  Drone x2  
  14  0:35  Drone  
  17  0:54  Hatchery  
  16  0:57  Drone  
  16  1:01  Drone  
  18  1:11  Extractor  
  17  1:16  Spawning Pool  
  16  1:19  Drone  
  16  1:22  Drone  
  18  1:28  Drone  
  19  1:39  Overlord  
  19  2:02  Queen  
  19  2:03  Zergling x4  
  19  2:05  Queen  
  19  2:07  Drone  
  26  2:18  Spore Crawler  
  26  2:19  Drone  
  26  2:22  Spore Crawler  
  25  2:27  Metabolic Boost  
  27  2:30  Drone x2  
  28  2:38  Zergling x4  
  28  2:44  Spore Crawler  
  28  2:45  Zergling x2  
  28  2:47  Zergling x2  
  29  2:52  Zergling x2  
  30  2:59  Extractor  
  30  3:02  Drone x2  
  32  3:06  Drone  
  33  3:13  Overlord  
  33  3:17  Lair  
  33  3:19  Drone  
  33  3:21  Drone  
  33  3:23  Drone  
  35  3:29  Overlord  
  35  3:32  Drone  
  35  3:33  Drone  
  37  3:36  Drone  
  37  3:40  Drone  
  39  3:46  Queen  
  41  3:49  Extractor  
  41  3:50  Extractor  
  41  3:51  Drone  
  40  3:56  Overlord  
  40  3:57  Drone  
  40  4:00  Drone  
  40  4:02  Drone  
  43  4:06  Drone  
  43  4:08  Drone  
  45  4:21  Overlord  
  45  4:22  Spire  
  44  4:24  Drone  
  44  4:27  Drone  
  44  4:29  Drone x2  
  48  4:32  Drone  
  48  4:35  Drone  
  48  4:36  Drone  
  51  4:41  Drone x2  
  53  4:54  Hatchery  
  53  4:58  Zergling x2  
  53  4:59  Zergling x4  
  55  5:03  Overseer  
  55  5:05  Overlord  
  55  5:07  Drone  
  55  5:08  Drone  
  55  5:10  Drone  
  55  5:11  Drone  
  58  5:16  Overlord, Extractor  
  57  5:28  Drone  
  58  5:30  Overlord  
  58  5:37  Mutalisk x4  
  58  5:38  Mutalisk  
  68  5:43  Mutalisk  
  68  5:47  Drone x3  
  71  5:56  Mutalisk  
  69  5:58  Drone x2  
  69  5:59  Drone  
  69  6:03  Drone  
  70  6:10  Drone x2  
  72  6:12  Evolution Chamber x2  
  69  6:18  Spore Crawler, Drone x2  
  69  6:20  Drone  
  71  6:27  Mutalisk  
  73  6:35  Drone x5  
  78  6:40  Zerg Ground Armor Level 1  
  78  6:43  Zerg Melee Weapons Level 1  
  78  6:44  Drone  
  77  6:47  Drone  
  78  6:54  Drone x5  
  83  7:02  Mutalisk  
  83  7:03  Baneling Nest  
  83  7:04  Overlord  
  78  7:13  Mutalisk x2  
  78  7:14  Mutalisk  
  79  7:23  Drone x5  
  82  7:30  Mutalisk x2  
  82  7:32  Overlord  
  82  7:36  Drone x2  
  86  7:41  Drone  
  87  7:45  Zerg Flyer Weapons Level 1  
  87  7:47  Drone  
  87  7:48  Drone x4  
  87  7:50  Centrifical Hooks  
  92  7:53  Zergling x2  
  92  7:57  Zergling x4  
  95  8:04  Zergling x2  
  96  8:11  Baneling  
  96  8:12  Baneling x8  
  96  8:13  Overlord  
  96  8:16  Hatchery  
  96  8:18  Overlord  
  95  8:24  Overlord  
  95  8:31  Overlord, Queen  
  97  8:35  Overlord x2  
  97  8:36  Extractor x2  
  97  8:37  Drone  
  97  8:39  Hatchery  
  95  8:42  Zergling x10  
  89  8:56  Zergling x16  
  92  9:04  Mutalisk x3  
  98  9:10  Zergling x2  
  98  9:11  Zergling x4  
  98  9:15  Queen  
  103  9:17  Pneumatized Carapace  
  103  9:20  Zerg Melee Weapons Level 2  
  103  9:23  Baneling x7  
  103  9:24  Baneling  
  103  9:25  Drone  
  103  9:26  Drone  
  105  9:32  Zerg Ground Armor Level 2  
  105  9:34  Zergling x4  
  101  9:47  Mutalisk x2  
  101  9:49  Drone x7  
  101  9:52  Overseer  
  109  9:56  Mutalisk  
  109  9:58  Zergling x8  
  109  9:59  Zergling x2  
  116  10:02  Burrow  
  116  10:06  Drone  
  116  10:07  Drone x3  
  118  10:14  Mutalisk x2  
  118  10:16  Zergling x4  
  118  10:17  Zergling x4  
  124  10:23  Zergling x2  
  124  10:24  Zergling x8  
  129  10:31  Zergling x12  
  129  10:35  Overlord  
  131  10:45  Zergling x20  
  131  10:49  Overlord  
  138  10:55  Mutalisk x2  
  138  10:56  Mutalisk x2  
  146  11:01  Baneling x3  
  146  11:02  Baneling x11  
  146  11:03  Baneling  
  146  11:07  Zergling x2  
  146  11:08  Zergling x8  
  150  11:13  Zergling x10  
  153  11:20  Overlord  
  146  11:26  Overlord, Zerg Flyer Weapons Level 2, Overseer  
  146  11:28  Zergling x10  
  146  11:29  Overlord  
  146  11:31  Baneling  
  146  11:32  Baneling x5  
  149  11:39  Overlord  
  149  11:40  Mutalisk x2  
  149  11:42  Zergling x8  
  157  11:51  Zergling x16  
  164  11:55  Queen  
  164  12:00  Baneling x11  
  162  12:09  Zergling x2  
  162  12:10  Zergling x16  
  152  12:25  Overlord  
  152  12:26  Overlord  
  142  12:32  Mutalisk x3  
  142  12:33  Mutalisk  
  148  12:40  Hatchery  
  148  12:43  Zergling x10  
  139  12:56  Mutalisk  
  139  12:57  Mutalisk x4  
  146  13:00  Overseer  
  146  13:07  Zergling x2  
  146  13:08  Zergling x6  
  150  13:15  Baneling x8  
  149  13:33  Zergling x20  
Tags
 
Add a new tag
Caveats
  • Supply blocks, unpowered buildings, or Contaminate may cause inaccurate times.
  • Supply counts are checked every 10 seconds.